 Dungeon Crawl Stone Soup version 0.30.1-4-g462c640d31 (webtiles) character file.

Game seed: 9052732471914613257

80 Gogs the Shield-Bearer (level 4, 0/40 HPs)
             Began as a Hill Orc Fighter on Aug 24, 2023.
             Slain by Natasha (7 damage)
             ... on level 3 of the Dungeon.
             The game lasted 00:06:16 (1894 turns).

Gogs the Shield-Bearer (Hill Orc Fighter)           Turns: 1894, Time: 00:06:16

Health: 0/40       AC:  8    Str: 20    XL:     4   Next: 39%
Magic:  4/4        EV:  9    Int:  8    God:
Gold:   124        SH:  4    Dex: 10    Spells: 3/3 levels left

rFire   . . .        a - +0 war axe
rCold   . . .        c - +0 buckler
rNeg    . . .        g - +0 scale mail
rPois   .            (no helmet)
rElec   .            (no cloak)
rCorr   .            (no gloves)
SInv    .            s - +0 pair of boots
Will    +....        (no amulet) Stlth
                     u - ring of willpower
HPRegen 0.26/turn    (no ring)
MPRegen 0.09/turn

%: no passive effects
@: mighty
A: no striking features
a: no special abilities


You were on level 3 of the Dungeon.
You visited 1 branch of the dungeon, and saw 3 of its levels.

You collected 124 gold pieces.

Inventory:

Hand Weapons
 a - a +0 war axe (weapon)
 b - a +0 morningstar
 w - a +0 sling
Missiles
 e - 27 stones (quivered)
 j - 9 javelins
 t - 8 boomerangs
Armour
 c - a +0 buckler (worn)
 g - a +0 scale mail (worn)
 s - a +0 pair of boots (worn)
Jewellery
 u - a ring of willpower (left hand)
Wands
 r - a wand of polymorph (9)
Scrolls
 f - 3 scrolls of teleportation
 m - a scroll of silence {unknown}
Potions
 h - a potion of haste
 i - a potion of cancellation {unknown}
 k - a potion of lignification
 l - a potion of ambrosia
 n - a potion of heal wounds
 p - a potion of brilliance {unknown}
 q - a potion of mutation {unknown}


   Skills:
 + Level 4.1 Fighting
 * Level 4.1 Axes
 + Level 3.8 Armour
 * Level 4.1 Shields


You had 3 spell levels left.
You didn't know any spells.
Your spell library contained the following spells:

 Spells                   Type           Power      Damage    Failure   Level
 Beastly Appendage        Tmut           0%         N/A       83%         1
 Scorch                   Fire           0%         2d5       92%         2
 Wereblood                Tmut           0%         N/A       92%         2
 Spider Form              Tmut/Pois      0%         N/A       99%         3
 Flame Wave               Conj/Fire      0%         2d4       100%        4
 Summon Cactus Giant      Summ           0%         N/A       100%        6


Dungeon Overview and Level Annotations

Branches:
Dungeon (3/15)

Altars:
Elyvilon

Shops:
D:1 *:[*

Annotations:
D:3 Natasha


Message History

Natasha mumbles some strange words.
Natasha casts a spell at you.
The magic dart hits you but does no damage.
You barely miss Natasha.
Natasha is moderately wounded.
You miss the cerulean imp. Natasha completely misses you.
The cerulean imp hits you but does no damage.
You closely miss Natasha.
Natasha is moderately wounded.
You hit the cerulean imp. Natasha claws you.
The cerulean imp hits you but does no damage.
You closely miss Natasha.
Natasha is moderately wounded.
You slash the cerulean imp! Natasha claws you.
The cerulean imp hits you with a +0 spear.
Natasha claws you but does no damage. You block the cerulean imp's attack.
You barely miss Natasha.
Natasha is moderately wounded.
You hit the cerulean imp. Natasha claws you.
The cerulean imp hits you with a +0 spear.
You barely miss Natasha.
Natasha is moderately wounded.
You hit the cerulean imp but do no damage.
Natasha closely misses you.
The cerulean imp hits you with a +0 spear.
* * * LOW HITPOINT WARNING * * *
You feel very mighty all of a sudden.
Natasha wildly gestures.
Natasha's front paws start to glow.
Natasha barely misses you. The cerulean imp closely misses you.
You hit Natasha.
Natasha is heavily wounded.
You hit the cerulean imp.
You kill the cerulean imp!
The cerulean imp disappears in a puff of smoke!
You block Natasha's attack. Natasha claws you.
* * * LOW HITPOINT WARNING * * *
You completely miss Natasha.
Natasha is heavily wounded.
Natasha claws you!
You die...

#.....).....#..#### #..# #.#
#)#####...........###..# ##.#
..# #..##............## #..#
#.#####..##..###+###....# #.##
#.....#§§##..# #.# #....# #.#
#.###..§))...###.###....# #.#
#.# ###)§##..###_..'....# #.#
#.#####.§##..###§###....# #.#
#.....§§§.)§.# #@# #....######.#
#.#####§§§§§.# #h# #...........#
#.....§§§###.........#..########
########## ###########..# ....#
###.## #.# #.# #.


You could see Natasha.

Vanquished Creatures
  2 adders (D:2)
  A gnoll (D:1)
  A worm (D:2)
  3 orcs (D:3)
  3 bats
  4 endoplasms
  4 giant cockroaches
  5 goblins
  3 hobgoblins
  3 quokkas
  3 ball pythons
  A frilled lizard (D:1)
  8 kobolds
  3 rats
44 creatures vanquished.

Notes
Turn   | Place    | Note
-------+----------+-------------------------------------------
     0 | D:1      | Gogs the Hill Orc Fighter began the quest for the Orb.
     0 | D:1      | Reached XP level 1. HP: 19/19 MP: 1/1
   175 | D:1      | Found Temnaxir's Antique Armour Shop.
   202 | D:1      | Reached XP level 2. HP: 27/27 MP: 2/2
   249 | D:1      | Found Huakem's Book Shop.
   271 | D:1      | Found Gualegur's Assorted Antiques.
   442 | D:1      | Found Byenuh's General Store.
   743 | D:2      | Reached XP level 3. HP: 33/33 MP: 3/3
  1336 | D:2      | Reached XP level 4. HP: 39/40 MP: 4/4
  1499 | D:3      | Found a white marble altar of Elyvilon.
  1875 | D:3      | Noticed Natasha
  1894 | D:3      | Slain by Natasha

Illustrated notes

Levels and vault maps discovered:
D:1:      lightli_arrival_statuegarden, layout_loops_ring, serial_shops,
          nicolae_shop_real_fake_doors, nicolae_shop_crystal,
          nicolae_diamond_shop, shop, shop_statue
D:2:      minmay_chambers_of_twos, layout_basic, minmay_misc_feat_secret_circle
D:3:      layout_loops_ring, lemuel_doored_altar,
          hellmonk_ecumenical_altar_leap_of_faith,
          nicolae_elevator_lobby_asterisk, uniq_natasha

Skill      XL: |  1  2  3  4 |
---------------+-------------+-----
Axes           | 3 4 |  4.1
Fighting       | 4 |  4.1
Shields        | 4 |  4.1
Armour         | |  3.8

Action                     |  1- 3 |  4- 6 || total
---------------------------+-------+-------++-------
  Melee: War axe           |    77 |    46 ||   123
    Use: Scroll            |       |     8 ||     8
         Potion            |       |     1 ||     1
 Armour: Scale mail        |    45 |    20 ||    65
  Dodge: Dodged            |    39 |    22 ||    61
  Block: Buckler           |    28 |    11 ||    39
